 Dungeon Crawl Stone Soup version 0.30-a0-760-g5a9884bb7c (webtiles) character file.

Game seed: 10269210568299136320

289 Leeroy the Slasher (level 6, -4/30 HPs)
             Began as a Vine Stalker Warper on Feb 11, 2023.
             Slain by a gnoll
             ... wielding a +0 spear
              (5 damage)
             ... on level 4 of the Dungeon.
             The game lasted 00:03:14 (2886 turns).

Leeroy the Slasher (Vine Stalker Warper)            Turns: 2886, Time: 00:03:15

Health: -4/30      AC:  5    Str: 10    XL:     6   Next: 31%
Magic:  0/10       EV: 11    Int: 15    God:
Gold:   85         SH:  0    Dex: 15    Spells: 9/9 levels left

rFire   . . .      SeeInvis .    a - +0 falchion
rCold   . . .      Faith    .    (no shield)
rNeg    . . .      Spirit   +    r - +2 leather armour of Zoimiemm {Regen+ Str-4 Int+2}
rPois   .          Reflect  .    (no helmet)
rElec   .          Harm     .    (no cloak)
rCorr   .          Rampage  .    (no gloves)
Will    .....                    (no boots)
Stlth   +                        (no amulet)
HPRegen 1.85/turn                (no ring)
MPRegen 0.12/turn                (no ring)

@: no status effects
A: fangs 2, regeneration 1, magic shield, antimagic bite, no potion heal 2
a: no special abilities


You were on level 4 of the Dungeon.
You visited 1 branch of the dungeon, and saw 4 of its levels.

You collected 85 gold pieces.

Inventory:

Hand Weapons
 a - a +0 falchion (weapon)
 e - a +2 hand axe of freezing
Missiles
 d - 7 boomerangs of dispersal (quivered)
 i - 5 boomerangs
 j - 2 poisoned darts
 p - 4 atropa-tipped darts
Armour
 b - a +0 leather armour
 r - the +2 leather armour of Zoimiemm (worn) {Regen+ Str-4 Int+2}
   (You found it on level 4 of the Dungeon)

   Str:       It affects your strength (-4).
   Int:       It affects your intelligence (+2).
   Regen:     It increases your rate of health regeneration.
Scrolls
 c - a scroll of blinking
 h - 2 scrolls of teleportation {unknown}
 m - 4 scrolls of identify {unknown}
 q - a scroll of vulnerability {unknown}
Potions
 f - 2 potions of lignification {unknown}
 g - a potion of ambrosia {unknown}
 k - a potion of might {unknown}
 l - 2 potions of curing {unknown}
 n - a potion of brilliance {unknown}
 o - a potion of haste {unknown}


   Skills:
 - Level 1.7 Fighting
 * Level 5.9 Long Blades
 - Level 0.8 Throwing
 - Level 0.7 Armour
 - Level 1.5 Dodging
 - Level 2.1 Spellcasting
 - Level 3.0 Translocations


You had 9 spell levels left.
You didn't know any spells.
Your spell library contained the following spells:

 Spells                   Type           Power      Damage    Failure   Level
 Blink                    Tloc           20%        N/A       13%         2
 Lesser Beckoning         Tloc           20%        N/A       13%         2
 Teleport Other           Tloc           10%        N/A       26%         3
 Vhi's Electric Charge    Tloc/Air       12%        N/A       43%         3
 Manifold Assault         Tloc           10%        N/A       65%         4


Dungeon Overview and Level Annotations

Branches:
Dungeon (4/15)
 Temple: D:4-7

Altars:
The Shining One

Annotations:
D:2 1 runed translucent door, Crazy Yiuf


Innate Abilities, Weirdness & Mutations

You have extremely sharp teeth.
Your natural rate of healing is unusually fast.
When hurt, damage is shared between your health and your magic reserves.
Your bite disrupts and absorbs the magic of your enemies.
Potions cannot restore your health.


Message History

You barely miss the hound. Your bite misses the hound.
The gnoll hits you from afar with a +0 spear.
The hound bites you.
You hit the hound.
The hound is moderately wounded.
The hound bites you. The gnoll barely misses you. The hound closely misses you.
You miss the hound.
The hound is moderately wounded.
The hound bites you. The gnoll hits you but does no damage.
You slash the hound! Your bite misses the hound.
The hound is severely wounded.
The hound bites you.
The gnoll hits you from afar with a +0 spear.
The hound completely misses you.
You completely miss the hound. Your bite misses the hound.
The hound is severely wounded.
The gnoll hits you from afar with a +0 spear!
The hound barely misses you.
You are too injured to fight recklessly!
You are too injured to fight recklessly!
You are too injured to fight recklessly!
You are too injured to fight recklessly!
You are too injured to fight recklessly!
You are too injured to fight recklessly!
You are too injured to fight recklessly!
You slash the hound!
You kill the hound!
The gnoll hits you from afar with a +0 spear.
The hound bites you.
Your life force feels restored.
You completely miss the hound. The hound bites you.
* * * LOW HITPOINT WARNING * * *
The gnoll hits you from afar with a +0 spear.
* * * LOW HITPOINT WARNING * * *
You slash the hound! Your bite misses the hound.
The hound is heavily wounded.
The hound bites you.
* * * LOW HITPOINT WARNING * * *
The gnoll hits you from afar with a +0 spear.
You die...

....#.#.....#
#.#
###.#...#####
#.# #.#..##
#.# #....#
#.# #>..##
#### #.#
##### #..#
#.# #..###.#
#+#+#P.....#
#...h@..####
#..g#P.## #..
#..# ## #..#
####


You could see a hound and a gnoll.

Vanquished Creatures
  Edmund (D:4)
  2 hounds (D:4)
  Jessica (D:2)
  An adder (D:2)
  A worm (D:2)
  2 dart slugs
  3 orcs (D:3)
  A bat (D:1)
  3 endoplasms
  2 giant cockroaches
  8 goblins
  8 hobgoblins
  10 jackals
  5 kobolds
  3 quokkas
  5 ball pythons
  2 frilled lizards
  7 rats
65 creatures vanquished.

Notes
Turn   | Place    | Note
-------+----------+-------------------------------------------
     0 | D:1      | Leeroy the Vine Stalker Warper began the quest for the Orb.
     0 | D:1      | Reached XP level 1. HP: 11/11 MP: 4/4
   107 | D:1      | Reached skill level 2 in Long Blades
   234 | D:1      | Found a faded altar of an unknown god.
   237 | D:1      | Reached XP level 2. HP: 15/15 MP: 6/6
   428 | D:1      | Reached skill level 3 in Long Blades
   501 | D:1      | Reached XP level 3. HP: 11/18 MP: 5/7
   911 | D:2      | Noticed Jessica
   919 | D:2      | Killed Jessica
   920 | D:2      | Gained mutation: Your natural rate of healing is unusually
                  | fast. [Vine Stalker growth]
   920 | D:2      | Reached XP level 4. HP: 13/23 MP: 3/8
  1049 | D:2      | Reached skill level 4 in Long Blades
  1143 | D:2      | Found a runed translucent door.
  1144 | D:2      | Noticed Crazy Yiuf
  1191 | D:2      | Found a glowing golden altar of the Shining One.
  2400 | D:4      | Reached XP level 5. HP: 23/26 MP: 7/9
  2482 | D:4      | Noticed Edmund
  2505 | D:4      | Killed Edmund
  2506 | D:4      | Reached skill level 5 in Long Blades
  2506 | D:4      | Reached XP level 6. HP: 3/27 MP: 0/10
  2657 | D:4      | Identified the +2 leather armour of Zoimiemm {Regen+ Str-4
                  | Int+2}
  2885 | D:4      | HP: 1/30 [gnoll/+0 spear (5)]
  2886 | D:4      | Slain by a gnoll

Illustrated notes

Levels and vault maps discovered:
D:1:      shiori_shiawase, layout_basic, hellmonk_ecumenical_altar_prayer_group
D:2:      layout_basic, basic_altar, st_stairs_7, uniq_jessica,
          uniq_crazy_yiuf_cottage
D:3:      layout_loops_corners, kennysheep_decorative_pillar,
          chequers_serial_rivers_small_a
D:4:      layout_basic, kennysheep_vampire_church,
          grunt_temple_overflow_cloverleaf, cheibrodos_gnoll_hut, uniq_edmund

Skill      XL: |  1  2  3  4  5 |
---------------+----------------+-----
Long Blades    | 2 3 4 5 |  5.9
Fighting       | |  1.7
Throwing       | |  0.8
Armour         | |  0.7
Dodging        | |  1.5
Spellcasting   | |  2.1
Translocations | |  3.0

Action                     |  1- 3 |  4- 6 || total
---------------------------+-------+-------++-------
  Melee: Falchion          |    78 |    99 ||   177
         Bite              |    19 |    26 ||    45
         Punch             |     1 |       ||     1
   Stab: Sleeping          |     1 |     1 ||     2
 Armour: Leather armour    |    20 |    23 ||    43
  Dodge: Dodged            |    58 |    43 ||   101

Table legend: (Time is in decaauts)
 A = Elapsed time spent in this place.
 B = Non-inter-level travel time spent in this place.
 C = Inter-level travel time spent in this place.
 D = Time resting spent in this place.
 E = Time spent auto-exploring this place.
 F = Levels seen in this place.
 G = Mean time per level.
                   A        B        C        D        E       F      G
               +--------+--------+--------+--------+--------+-----+--------+
         Total |   2905 |   2731 |    174 |      0 |   2291 |   4 |  726.2 |
       Dungeon |   2905 |   2731 |    174 |      0 |   2291 |   4 |  726.2 |
               +--------+--------+--------+--------+--------+-----+--------+

Top non-repeatable levels by time:
     D:1: 832 daAuts
     D:2: 793 daAuts
     D:3: 785 daAuts
     D:4: 495 daAuts
